 Dungeon Crawl Stone Soup version 0.25.1-1-g288607f5aa (webtiles) character file.

Game seed: 4096453301076861595

2146 Atelerd the Grasshopper (level 9, -5/54 HPs)
             Began as an Octopode Conjurer on July 27, 2020.
             Slain by a hippogriff (6 damage)
             ... on level 7 of the Dungeon.
             The game lasted 00:17:18 (7085 turns).

Atelerd the Grasshopper (Octopode Conjurer)         Turns: 7085, Time: 00:17:18

Health: -5/54      AC:  1    Str:  7    XL:     9   Next: 31%
Magic:  4/18       EV: 11    Int: 22    God:
Gold:   324        SH:  0    Dex: 13    Spells: 11/20 levels left

rFire    + . .     SeeInvis .   D - +2 trident (venom)
rCold    . . .     Gourm    .   (no shield)
rNeg     . . .     Faith    .   (helmet restricted)
rPois    .         Spirit   .   f - amulet of regeneration
rElec    .         Reflect  .   h - +4 ring of evasion
rCorr    .         Harm     .   j - ring of stealth
MR       .....                  (no ring)
Stlth    +++++.....             (no ring)
HPRegen  0.00/turn              (no ring)
MPRegen  0.16/turn              (no ring)
                                (no ring)
                                (no ring)

@: about to teleport, marked, held
A: almost no armour, stealthy swim, amphibious, 8 rings, constrict 8, camouflage
1, clever 1, fire resistance 1, inhibited regeneration, gelatinous body 1, no
potion heal 1
a: no special abilities


You were on level 7 of the Dungeon.
You were not hungry.

You visited 1 branch of the dungeon, and saw 7 of its levels.

You collected 324 gold pieces.

Inventory:

Hand Weapons
 e - a +0 short sword
 k - a +1 short sword of speed
 D - a +2 trident of venom (weapon)
Missiles
 u - 7 boomerangs (quivered)
Magical Staves
 E - an uncursed staff of conjuration
Jewellery
 f - an amulet of regeneration (around mantle)
 g - an uncursed amulet of magic regeneration
 h - a +4 ring of evasion (left tentacle)
 j - a ring of stealth (right tentacle)
 A - a cursed ring of teleportation {unknown}
Wands
 q - a wand of flame (11)
 s - a wand of paralysis (3)
 w - a wand of iceblast (2)
Scrolls
 a - a scroll of immolation {unknown}
 c - 2 scrolls of random uselessness
 d - 4 scrolls of remove curse
 l - a scroll of teleportation
 m - a scroll of amnesia
 n - 2 scrolls of enchant weapon {unknown}
 x - a scroll of noise {unknown}
 y - 2 scrolls of fog
 B - a scroll of fear {unknown}
 C - a scroll of identify
Potions
 i - 3 potions of stabbing
 o - a potion of degeneration
 r - a potion of ambrosia {unknown}
 t - 3 potions of brilliance {unknown}
 v - a potion of cancellation {unknown}
 z - a potion of berserk rage {unknown}
Comestibles
 b - 13 rations


   Skills:
 + Level 2.1 Fighting
 + Level 2.1 Dodging
 - Level 6.0 Stealth
 + Level 6.2 Spellcasting
 + Level 6.6 Conjurations
 * Level 0.8 Hexes
 - Level 7.2 Translocations


You had 11 spell levels left.
You knew the following spells:

 Your Spells              Type           Power        Failure   Level  Hunger
a - Magic Dart            Conj           ####         1%          1    None
b - Iskenderun's Mystic   Conj/Tloc      #####...     5%          4    ###....
c - Fulminant Prism       Conj/Hex       ###.......   19%         4    ###....

Your spell library contained the following spells:

 Spells                   Type           Power        Failure   Level  Hunger
 Searing Ray              Conj           #####.       1%          2    None
 Dazzling Flash           Conj/Hex       ###...       6%          3    #......


Dungeon Overview and Level Annotations

Branches:
Dungeon (7/15)             Temple (0/1) D:4

Altars:
Ashenzari
Dithmenos
Fedhas
Kikubaaqudgha
Nemelex Xobeh
Trog
Uskayaw
Wu Jian

Shops:
D:5 [

Annotations:
D:4 1 runed translucent door, TangoThomas's ghost, amateur TeAK
D:5 exclusion: 2 downstairs
D:6 exclusion: 2 downstairs
D:7 Harold; Joseph


Innate Abilities, Weirdness & Mutations

You cannot wear most types of armour.
You are very stealthy in the water. (Stealth+)
You are amphibious.
You can wear up to eight rings at the same time.
You can use your tentacles to constrict eight enemies at once.
Your skin changes colour to match your surroundings (Stealth+).
Your rubbery body absorbs attacks. (AC +1, EV +1)
Your mind is acute. (Int +2)
Your flesh is heat resistant. (rF+)
You do not regenerate when monsters are visible.
Potions are less effective at restoring your health.


Message History

The hippogriff is moderately wounded.
The mystic blast hits Harold!
Harold is moderately wounded.
Casting: Iskenderun's Mystic Blast (dangerous; 5% risk of failure)
Confirm with . or Enter, or press ? or * to list all spells.
You don't have enough magic to cast that spell.
Harold throws a throwing net.
The throwing net hits you.
You become entangled in the net!
You see here a throwing net.
Unknown command.
Casting: Iskenderun's Mystic Blast (dangerous; 5% risk of failure)
Confirm with . or Enter, or press ? or * to list all spells.
You don't have enough magic to cast that spell.
Okay, then.
As you read the scroll labeled NAMMO YCKARAPPUR, it crumbles to dust.
You feel strangely unstable.
It was a scroll of teleportation.
The hippogriff bites you.
* * * LOW HITPOINT WARNING * * *
The hippogriff pecks you.
You die...

........##......
.........##......
.................
...............#
.....H...%..##.#
......#§§§..#
#...§#§§####
#..#§§§§#.##
#..####H@..# ..
#§§..# #@§..#
...§.# ...###
.... #.. #.#


You could see Harold and a hippogriff.

Vanquished Creatures
  3 orc warriors
  An ice beast (D:5)
  A sky beast (D:5)
  5 ogres
  2 bullfrogs (D:6)
  Blork the orc (D:5)
  3 scorpions
  2 howler monkeys
  4 crimson imps
  A bullfrog zombie (D:6)
  6 hounds
  A jelly (D:6)
  3 orc priests (D:5)
  2 orc wizards
  4 worker ants
  A worker ant zombie (D:5)
  4 gnolls (D:6)
  5 adders
  An ooze (D:5)
  3 worms
  5 dart slugs
  5 leopard geckos
  14 orcs
  A ball python (D:3)
  9 giant cockroaches
  8 goblins
  10 hobgoblins
  10 jackals
  3 quokkas
  8 bats
  4 frilled lizards
  12 kobolds
  7 rats
149 creatures vanquished.

Notes
Turn   | Place    | Note
-------+----------+-------------------------------------------
     0 | D:1      | Atelerd the Octopode Conjurer began the quest for the Orb.
     0 | D:1      | Reached XP level 1. HP: 11/11 MP: 3/3
   164 | D:1      | Reached XP level 2. HP: 13/17 MP: 0/5
   605 | D:1      | Reached XP level 3. HP: 12/21 MP: 7/7
  1261 | D:2      | Found a shadowy altar of Dithmenos.
  1381 | D:2      | Found an ornate altar of the Wu Jian Council.
  1441 | D:2      | Reached XP level 4. HP: 21/27 MP: 1/8
  1810 | D:2      | Reached skill level 1 in Fighting
  1908 | D:2      | Found a hide-covered altar of Uskayaw.
  2385 | D:3      | Found a bloodstained altar of Trog.
  2750 | D:3      | Found a shattered altar of Ashenzari.
  2865 | D:4      | Reached XP level 5. HP: 34/34 MP: 8/10
  2908 | D:4      | Reached skill level 5 in Stealth
  2978 | D:4      | Noticed an ogre
  3085 | D:4      | Killed an ogre
  3085 | D:4      | Reached XP level 6. HP: 39/39 MP: 7/11
  3091 | D:4      | Learned a level 4 spell: Iskenderun's Mystic Blast
  3173 | D:4      | Found a shattered altar of Ashenzari.
  3179 | D:4      | Found a staircase to the Ecumenical Temple.
  3325 | D:4      | Reached skill level 1 in Translocations
  3506 | D:4      | Reached skill level 2 in Translocations
  3683 | D:4      | Found a runed translucent door.
  3684 | D:4      | Noticed TangoThomas's ghost (amateur TeAK)
  3804 | D:4      | Found an ancient bone altar of Kikubaaqudgha.
  3989 | D:5      | Entered Level 5 of the Dungeon
  4175 | D:5      | Noticed Blork the orc
  4177 | D:5      | Noticed an ice beast
  4191 | D:5      | Killed Blork the orc
  4191 | D:5      | Reached XP level 7. HP: 42/45 MP: 13/13
  4194 | D:5      | Reached skill level 3 in Translocations
  4269 | D:5      | Found a sparkling altar of Nemelex Xobeh.
  4504 | D:5      | Reached skill level 5 in Conjurations
  4504 | D:5      | Reached skill level 4 in Translocations
  4612 | D:5      | Found a blossoming altar of Fedhas.
  4660 | D:5      | Found Zoq Sotu's Armour Shop.
  5167 | D:6      | Reached XP level 8. HP: 40/50 MP: 12/15
  5217 | D:5      | Gained mutation: Your spells are a little easier to cast,
                  | but a little less powerful. [potion of mutation]
  5217 | D:5      | Gained mutation: Your body sometimes deteriorates upon
                  | taking damage. [potion of mutation]
  5217 | D:5      | Gained mutation: You are covered in fur. (AC +1) [potion of
                  | mutation]
  5321 | D:5      | Reached skill level 5 in Spellcasting
  5527 | D:6      | Reached skill level 5 in Translocations
  5705 | D:5      | Lost mutation: You are covered in fur. (AC +1) [potion of
                  | mutation]
  5705 | D:5      | Lost mutation: Your body sometimes deteriorates upon taking
                  | damage. [potion of mutation]
  5705 | D:5      | Lost mutation: Your spells are a little easier to cast, but
                  | a little less powerful. [potion of mutation]
  5705 | D:5      | Gained mutation: You are dopey. (Int -2) [potion of
                  | mutation]
  5705 | D:5      | Gained mutation: You are agile. (Dex +2) [potion of
                  | mutation]
  5706 | D:5      | Lost mutation: You are dopey. (Int -2) [potion of mutation]
  5706 | D:5      | Lost mutation: You are agile. (Dex +2) [potion of mutation]
  5706 | D:5      | Gained mutation: Your magical capacity is low. (-10% MP)
                  | [potion of mutation]
  5706 | D:5      | Gained mutation: Your mind is acute. (Int +2) [potion of
                  | mutation]
  5707 | D:5      | Lost mutation: Your magical capacity is low. (-10% MP)
                  | [potion of mutation]
  5707 | D:5      | Gained mutation: Potions are less effective at restoring
                  | your health. [potion of mutation]
  5707 | D:5      | Gained mutation: You do not regenerate when monsters are
                  | visible. [potion of mutation]
  5707 | D:5      | Gained mutation: Your flesh is heat resistant. (rF+)
                  | [potion of mutation]
  6060 | D:6      | Reached skill level 6 in Translocations
  6291 | D:6      | Reached XP level 9. HP: 47/54 MP: 12/17
  6399 | D:6      | Reached skill level 7 in Translocations
  6675 | D:7      | Noticed Joseph
  6703 | D:6      | Learned a level 4 spell: Fulminant Prism
  7014 | D:7      | Noticed Harold
  7085 | D:7      | HP: 1/54 [hippogriff (5)]
  7085 | D:7      | Slain by a hippogriff

Illustrated notes

Levels and vault maps discovered:
D:1:      psy_arrival_basics, layout_basic, minmay_strange_pillars
D:2:      layout_basic, lemuel_round_altar, nicolae_overflow_crystal_walls,
          lemuel_crystal_altar, first_ration, hangedman_feature_mirror
D:3:      layout_loops_ring, lemuel_crystal_altar, ashenzari_altar_1
D:4:      layout_basic, overflow_temple_1_default, old_standard_altar,
          minmay_temple_entry_mini_moons, serial_bayou, serial_bayou_shore_a,
          serial_bayou_lake_a, serial_bayou_pond_a, serial_bayou_lagoon_a,
          gammafunk_ghost_grave
D:5:      layout_cave_pods, kennysheep_mini_moat, lemuel_coloured_pillars_altar,
          serial_shops, nicolae_shop_crystal, uniq_blork_the_orc
D:6:      layout_basic
D:7:      layout_cave_pools, grunt_ogre_cave, kennysheep_small_square,
          uniq_harold, uniq_joseph

Skill      XL: |  1  2  3  4  5  6  7  8  9 |
---------------+----------------------------+-----
Stealth        | 3 4 5 6 |  6.0
Spellcasting   | 3 4 5 6 |  6.2
Fighting       | 2 |  2.1
Translocations | 2 4 6 7 |  7.2
Conjurations   | 5 6 |  6.6
Dodging        | |  2.1
Hexes          | |  0.8

Action                   |  1- 3 |  4- 6 |  7- 9 || total
-------------------------+-------+-------+-------++-------
Melee: Unarmed           |    21 |       |       ||    21
       Constrict         |    27 |    26 |    36 ||    89
       Tentacles         |    14 |    17 |    38 ||    69
       Short sword       |    59 |   122 |   142 ||   323
       Trident           |       |       |    43 ||    43
 Cast: Magic Dart        |    29 |    26 |    88 ||   143
       Iskenderun's Myst |       |       |    11 ||    11
Evoke: Wand              |       |     5 |    14 ||    19
  Use: Scroll            |       |     3 |     3 ||     6
       Potion            |       |       |     9 ||     9
 Stab: Sleeping          |     4 |    17 |     3 ||    24
       Paralysed         |       |     3 |     8 ||    11
       Distracted        |       |       |     4 ||     4
  Eat: Chunk             |     2 |     7 |    10 ||    19
       Ration            |       |       |     1 ||     1
Armor: Skin              |     9 |     5 |     7 ||    21
Dodge: Dodged            |    60 |    81 |   171 ||   312
